Construct Section Command Post
Construct Platoon Command Post
6-pounder Anti-tank Gun Team
Unlock Bishop Self-propelled Artillery
Selects Canadian Shock Battlegroup
Selects Incendiary Munitions
Bishop Self-propelled Artillery
Bishop Self-propelled Artillery
Selects Demolition Engineering
Selects Canadian Shock Section
6-pounder Anti-tank Gun Team
6-pounder Anti-tank Gun Team
6-pounder Anti-tank Gun Team
Construct Company Command Post